 Dungeon Crawl Stone Soup version 0.18-a0-1764-gf4ddf0b (webtiles) character file.

34 Ratboiler the Skirmisher (level 3, 0/27 HPs)
             Began as an Octopode Wanderer on Apr 13, 2016.
             Slain by a goblin
             ... wielding a +0 club
              (7 damage)
             ... on level 1 of the Dungeon.
             The game lasted 00:02:00 (970 turns).

Ratboiler the Skirmisher (Octopode Wanderer)         Turns: 970, Time: 00:02:01

Health: 0/27       AC:  1    Str: 11    XL:     3   Next: 31%
Magic:  4/4        EV: 12    Int: 12    God:
Gold:   25         SH:  0    Dex: 14    Spells: 0 memorised, 2 levels left

rFire  . . .     SeeInvis .     b - +0 quarterstaff
rCold  . . .     Gourm    .     (shield currently unavailable)
rNeg   . . .     Faith    .     (helmet restricted)
rPois  .         Spirit   .     (no amulet)
rElec  .         Dismiss  .     (no ring)
rCorr  .         Reflect  .     (no ring)
SustAt .         Harm     .     (no ring)
MR     .....                    (no ring)
Stlth  +++.......               (no ring)
                                (no ring)
                                (no ring)
                                (no ring)

@: not resistant to hostile enchantments, fairly stealthy
A: almost no armour, amphibious, 8 rings, constrict 8, camouflage 1, gelatinous
body 1
a: no special abilities


You were on level 1 of the Dungeon.
You were not hungry.

You visited 1 branch of the dungeon, and saw 1 of its levels.

You collected 25 gold pieces.

Inventory:

Hand Weapons
 b - a +0 quarterstaff (weapon)
Missiles
 a - 3 throwing nets
 j - 51 stones (quivered)
Scrolls
 c - a scroll of teleportation
 g - a scroll of blinking {unknown}
 h - a scroll of remove curse {unknown}
Potions
 e - a potion of curing {unknown}
 f - a potion of haste {unknown}
 k - a potion of heal wounds {unknown}
Comestibles
 d - 2 bread rations
 i - a beef jerky
 l - 2 chunks of flesh


   Skills:
 - Level 4.0 Fighting
 + Level 3.1 Staves
 - Level 2.0 Dodging
 - Level 1.3 Stealth
   Level 2.1 Evocations


You had 2 spell levels left.
You didn't know any spells.

Dungeon Overview and Level Annotations

Branches:
Dungeon (1/15)

Altars:


Innate Abilities, Weirdness & Mutations

You cannot wear most types of armour.
You are amphibious.
You can wear up to eight rings at the same time.
You can use your tentacles to constrict eight enemies at once.
Your skin changes colour to match your surroundings (Stealth).
Your rubbery body absorbs attacks (AC +1).


Message History

You are too injured to fight recklessly!
You are too injured to fight recklessly!
The bat hits you.
A goblin comes into view. It is wielding a club.
The goblin shouts!
You sock the bat!
You kill the bat!
The gnoll hits you with a whip. x2
The rat closely misses you. The rat closely misses you.
The goblin hits you with a club.
* * * LOW HITPOINT WARNING * * *
The rat bites you.
* * * LOW HITPOINT WARNING * * *
The rat bites you but does no damage.
A kobold comes into view. It is wielding a club.
You see here a dart slug corpse.
A goblin comes into view. It is wielding a club.
The goblin barely misses you. The goblin hits you with a club!
You die...

#...#########..## #.#
..............># #.#
#...############ #.#
#...# #.# #...#
######## #.#
#...######>.....####.#
.........#...........#
.........#..r........#
.[..........g.gg@....#
##.#####....)..r....##
#l....#............#
#.###.####.........#
#.+<'.# #.........#
#.###.# ###########
#.....# #######


You could see a gnoll, 2 goblins and 2 rats.

Vanquished Creatures
  2 dart slugs (D:1)
  A giant gecko (D:1)
  2 giant cockroaches (D:1)
  7 hobgoblins (D:1)
  3 kobolds (D:1)
  A bat (D:1)
  4 giant newts (D:1)
  4 goblins (D:1)
  4 rats (D:1)
28 creatures vanquished.

Notes
Turn   | Place    | Note
--------------------------------------------------------------
     0 | D:1      | Ratboiler the Octopode Wanderer began the quest for the Orb.
     0 | D:1      | Ratboiler set off with: 4 throwing nets, a +0 quarterstaff, a scroll of teleportation, a bread ration
     0 | D:1      | Reached XP level 1. HP: 17/17 MP: 2/2
   238 | D:1      | Reached XP level 2. HP: 18/22 MP: 3/3
   474 | D:1      | Reached XP level 3. HP: 7/27 MP: 4/4
   970 | D:1      | Slain by a goblin

Vault maps used:
D:1:      dpeg_arrival_tiny_d, st_stairs_10

Skill      XL: |  1  2  3 |
---------------+----------+-----
Staves         | 2 3 |  3.1
Fighting       | |  4.0
Dodging        | |  2.0
Stealth        | |  1.3
Evocations     | |  2.1

Action                   || total
-------------------------++-------
Melee: Quarterstaff      ||    57
       Constrict         ||    18
       Tentacles         ||     3
Throw: Throwing net      ||     1
 Stab: Sleeping          ||     1
       Distracted        ||     2
Armor: Skin              ||     8
Dodge: Dodged            ||    37
